 Dungeon Crawl Stone Soup version 0.27.1-1-g398f81649c (webtiles) character file.

Game seed: 15516697500303011059

25 MisterFreud the Fighter (level 3, -3/38 HPs)
             Began as a Gnoll Wanderer on Sept 21, 2021.
             Slain by an adder (4 damage)
             ... on level 2 of the Dungeon.
             The game lasted 00:01:36 (1107 turns).

MisterFreud the Fighter (Gnoll Wanderer)            Turns: 1107, Time: 00:01:36

Health: -3/38      AC:  2    Str: 14    XL:     3   Next: 4%
Magic:  3/3        EV: 11    Int: 15    God:
Gold:   33         SH:  0    Dex: 11    Spells: 3/3 levels left

rFire    . . .     SeeInvis .   b - +0 mace
rCold    . . .     Faith    .   (no shield)
rNeg     . . .     Spirit   .   f - +0 robe
rPois    .         Reflect  .   (no helmet)
rElec    .         Harm     .   (no cloak)
rCorr    .         Rampage  .   (no gloves)
Will     .....                  (no boots)
Stlth    +.........             (no amulet)
HPRegen  0.12/turn              j - +6 ring of intelligence
MPRegen  0.08/turn              (no ring)

@: lethally poisoned (-3 -> -11)
A: fangs 1, strong nose, distributed training
a: no special abilities


You were on level 2 of the Dungeon.
You visited 1 branch of the dungeon, and saw 2 of its levels.

You collected 33 gold pieces.

Inventory:

Hand Weapons
 a - a +2 hand crossbow
 b - a +0 mace (weapon)
 e - a +0 dagger
 h - a +0 long sword
Missiles
 c - 23 bolts
 d - 14 poisoned darts (quivered)
Armour
 f - a +0 robe (worn)
Jewellery
 j - a +6 ring of intelligence (left hand)
 m - a ring of flight
Scrolls
 i - a scroll of identify {unknown}
 k - a scroll of fog {unknown}
Potions
 g - a potion of lignification {unknown}
 l - a potion of curing {unknown}
 n - a potion of berserk rage {unknown}


   Skills:
 + Level 8.5 Fighting
 + Level 0.5 Short Blades
 + Level 0.5 Long Blades
 + Level 0.5 Axes
 + Level 2.5 Maces & Flails
 + Level 0.5 Polearms
 + Level 0.5 Staves
 + Level 0.5 Slings
 + Level 0.5 Bows
 + Level 4.5 Crossbows
 + Level 2.5 Throwing
 + Level 2.5 Armour
 + Level 0.5 Dodging
 + Level 0.5 Stealth
 + Level 0.5 Shields
 + Level 0.5 Unarmed Combat
 + Level 0.5 Spellcasting
 + Level 0.4 Conjurations
 + Level 0.4 Hexes
 + Level 0.4 Summonings
 + Level 0.4 Necromancy
 + Level 0.4 Translocations
 + Level 0.4 Transmutations
 + Level 0.4 Fire Magic
 + Level 0.4 Ice Magic
 + Level 0.4 Air Magic
 + Level 0.4 Earth Magic
 + Level 0.4 Poison Magic
 + Level 0.7 Invocations
 + Level 2.5 Evocations


You had 3 spell levels left.
You didn't know any spells.
Your spell library was empty.

Dungeon Overview and Level Annotations

Branches:
Dungeon (2/15)

Altars:


Innate Abilities, Weirdness & Mutations

You have very sharp teeth.
Your uncanny sense of smell can sniff out nearby items.
Your experience applies equally to all skills.


Message History

The adder bites you.
You are poisoned.
The adder poisons you! The adder closely misses you.
You barely miss the adder.
The adder is heavily wounded.
You feel very sick. The adder closely misses you. x2
You closely miss the adder.
The adder is heavily wounded.
You feel sick. The adder bites you.
You hit the adder but do no damage. You bite the adder, but do no damage.
The adder is heavily wounded.
You feel sick. The adder bites you but does no damage. The adder misses you.
You miss the adder.
The adder is heavily wounded.
You feel sick. The adder bites you.
You are more poisoned.
The adder poisons you! The adder bites you.
You are more poisoned.
The adder poisons you!
You closely miss the adder.
The adder is heavily wounded.
You feel very sick. The adder closely misses you.
You barely miss the adder.
The adder is heavily wounded.
You feel very sick. The adder barely misses you. The adder closely misses you.
You miss the adder.
The adder is heavily wounded.
You feel sick. The adder barely misses you. The adder bites you.
* * * LOW HITPOINT WARNING * * *
You are more poisoned.
The adder poisons you!
You closely miss the adder.
The adder is heavily wounded.
* * * LOW HITPOINT WARNING * * *
You feel very sick. The adder bites you.
You die...

...... ##
#....####
.#..#........ ..
....#.............
...............>
#.....#.#....#.
#...S.#........
#.@..........
#.(#....<.... #.
##............ ).
#.....†.......
#.##.....)#......
..#.............
#.#.....#)......
#.#.....#.......
#...............


You could see an adder.

Vanquished Creatures
  A dart slug (D:2)
  An endoplasm (D:1)
  A giant cockroach (D:1)
  4 goblins
  2 hobgoblins (D:1)
  2 quokkas (D:1)
  3 ball pythons (D:1)
  2 bats
  3 frilled lizards (D:1)
  2 kobolds
  A rat (D:1)
22 creatures vanquished.

Notes
Turn   | Place    | Note
-------+----------+-------------------------------------------
     0 | D:1      | MisterFreud the Gnoll Wanderer began the quest for the Orb.
     0 | D:1      | MisterFreud set off with the following items: a +2 hand
                  | crossbow, 23 bolts, a +0 mace, 14 poisoned darts, a +0
                  | dagger, a +0 robe
     0 | D:1      | Reached XP level 1. HP: 26/26 MP: 1/1
   229 | D:1      | Reached XP level 2. HP: 31/33 MP: 2/2
  1088 | D:2      | Reached XP level 3. HP: 31/38 MP: 3/3
  1107 | D:2      | HP: 1/38 [poisoned by an adder]
  1107 | D:2      | Slain by an adder

Illustrated notes

Levels and vault maps discovered:
D:1:      amcnicky_arrival_flooded_fountain, layout_loops_ring
D:2:      layout_basic

Action                   || total
-------------------------++-------
Melee: Mace              ||    62
       Bite              ||     6
 Fire: Hand crossbow     ||     4
 Stab: Sleeping          ||     2
Armor: Robe              ||     7
Dodge: Dodged            ||    49
